 Dungeon Crawl Stone Soup version 0.18-a0-1745-gffa9a88 (webtiles) character file.

3 suvakkihuora the Grasshopper (level 1, 0/10 HPs)
             Began as a Spriggan Warper on Apr 11, 2016.
             Slain by a centaur (2 damage)
             ... on level 6 of the Dungeon.
             The game lasted 00:02:58 (832 turns).

suvakkihuora the Grasshopper (Spriggan Warper)       Turns: 832, Time: 00:02:59

Health: 0/10       AC:  2    Str:  7    XL:     1   Next: 41%
Magic:  5/5        EV: 18    Int: 19    God:
Gold:   41         SH:  0    Dex: 15    Spells: 1 memorised, 4 levels left

rFire  . . .     SeeInvis +     a - +0 short sword
rCold  . . .     Gourm    .     b - +0 robe
rNeg   . . .     Faith    .     (shield restricted)
rPois  .         Spirit   .     (helmet restricted)
rElec  .         Dismiss  .     (no cloak)
rCorr  .         Reflect  .     (gloves unavailable)
SustAt .         Harm     .     (boots unavailable)
MR     .....                    (no amulet)
Stlth  ++........               (no ring)
                                (no ring)

@: brilliant, very quick, not resistant to hostile enchantments, unstealthy
A: unfitting armour, see invisible, herbivore 3, speed 3, slow metabolism 2
a: no special abilities


You were on level 6 of the Dungeon.
You were not hungry.

You visited 1 branch of the dungeon, and saw 6 of its levels.

You collected 41 gold pieces.

Inventory:

Hand Weapons
 a - a +0 short sword (weapon)
Missiles
 e - 5 tomahawks of dispersal (quivered)
Armour
 b - a +0 robe (worn)
Wands
 l - a wand of digging (17/24)
Scrolls
 d - a scroll of blinking
 g - a scroll of magic mapping {unknown}
 i - a scroll of identify {unknown}
 j - a scroll of remove curse {unknown}
 k - a scroll of enchant armour {unknown}
Books
 c - a book of Spatial Translocations

   Spells                             Type                      Level
   a - Apportation                    Translocation                1
   b - Blink                          Translocation                2
   c - Shroud of Golubria             Charms/Translocation         2
   d - Portal Projectile              Translocation                3
   e - Teleport Other                 Translocation                3
   f - Passage of Golubria            Translocation                4
Comestibles
 f - 2 bread rations


   Skills:
 - Level 1.5 Fighting
 - Level 2.1 Short Blades
 - Level 1.0 Throwing
 - Level 3.5 Dodging
 + Level 1.6 Stealth
 - Level 2.6 Spellcasting
 - Level 4.4 Translocations


You had 4 spell levels left.
You knew the following spells:

 Your Spells              Type           Power        Failure   Level  Hunger
a - Apportation           Tloc           ####......   1%          1    None


Dungeon Overview and Level Annotations

Branches:
Dungeon (6/15)
 Temple: D:4-7

Altars:
Xom


Innate Abilities, Weirdness & Mutations

You are tiny and cannot use many weapons and most armour.
You have supernaturally acute eyesight.
You are a herbivore.
You cover ground extremely quickly.
You need consume almost no food.


Message History

The centaur barely misses you.
You barely miss the centaur.
The centaur is heavily wounded.
The centaur completely misses you. The centaur closely misses you.
You hit the centaur but do no damage.
The centaur is heavily wounded.
The centaur hits you.
Ouch! That really hurt!
* * * LOW HITPOINT WARNING * * *
You hit the centaur.
The centaur is heavily wounded.
The centaur misses you. The centaur barely misses you.
You hit the centaur but do no damage.
The centaur is heavily wounded.
The centaur barely misses you.
Drink which item? (? for menu, Esc to quit)
It was a potion of brilliance.
You feel clever all of a sudden. The centaur closely misses you.
The centaur hits you.
You die...

### ## #..
..(####.#
........###
#......<..#
#......@..#
#......c..#
#.........#
######.####
#. #. #. ..


You could see a centaur.

Vanquished Creatures
  A giant cockroach (D:4)
  A goblin (D:2)
  A rat (D:1)
3 creatures vanquished.

Notes
Turn   | Place    | Note
--------------------------------------------------------------
     0 | D:1      | suvakkihuora the Spriggan Warper began the quest for the Orb.
     0 | D:1      | Reached XP level 1. HP: 10/10 MP: 5/5
   461 | D:1      | Reached skill level 1 in Stealth
   533 | D:2      | You fall through a shaft!
   769 | D:4      | Found a shimmering altar of Xom.
   773 | D:4      | Noticed a howler monkey
   814 | D:5      | Entered Level 5 of the Dungeon
   822 | D:6      | Noticed a centaur
   832 | D:6      | Slain by a centaur

Vault maps used:
D:1:      ncdulo_wetmaze
D:2:      grunt_pakellas_salt, nemelex_xobeh_ov_fountains_minmay, first_bread
D:3:      grunt_ministairs_11, minmay_gold_behind_fungi, uniq_robin,
          uniq_natasha
D:4:      xom_butterflies, uniq_sigmund
D:5:      grunt_temple_overflow_lords_of_destruction,
          minmay_temple_entry_water_ring, serial_shops, shop_fountains,
          shop_statue, shop_statue, st_stairs_3, cheibrodos_gnoll_hut,
          uniq_pikel, uniq_blork_the_orc
D:6:      lemuel_slime, gammafunk_temple_overflow_forgotten, uniq_menkaure

Skill      XL: |  1 |
---------------+----+-----
Stealth        | 1 |  1.6
Fighting       | |  1.5
Short Blades   | |  2.1
Throwing       | |  1.0
Dodging        | |  3.5
Spellcasting   | |  2.6
Translocations | |  4.4

Action                   || total
-------------------------++-------
Melee: Short sword       ||    23
  Use: Potion            ||     1
 Stab: Sleeping          ||     1
